 Dungeon Sprint DCSS version 0.31-a0-841-g038b102fc3 (webtiles) character file.

Game seed: 1524283738990824034

2202 sircluck the Grappler (level 9, -6/102 HPs)
             Began as a Troll Berserker on Sept 27, 2023.
             Was a Priest of Trog.
             Succumbed to a redback's poison
             ... in the Dungeon (Sprint I: "Red Sonja").
             The game lasted 00:00:47 (278 turns).

sircluck the Grappler (Troll Berserker)              Turns: 278, Time: 00:00:48

Health: -6/102     AC:  4    Str: 31    XL:     9   Next: 12%
Magic:  8/8        EV: 12    Int:  3    God:    Trog [***...]
Gold:   297        SH:  0    Dex:  9    Spells: 8/8 levels left

rFire   . .          .
                       - Unarmed
rCold   . . .        (no shield)
rNeg    . . .        a - +0 animal skin
rPois   .            (helmet restricted)
rElec   .            (no cloak)
rCorr   .            (gloves unavailable)
SInv    .            (boots unavailable)
Will    .....        (no amulet)
Stlth   +            (no ring)
HPRegen 1.17/turn    (no ring)
MPRegen 0.11/turn

%: no teleportation
@: lethally poisoned (-6 -> -69)
A: large, unfitting armour, claws 3, regeneration 1, shaggy fur 1, tough skin 1
a: Renounce Religion, Berserk, Trog's Hand


You were in the Dungeon.
You worshipped Trog.
Trog was most pleased with you.
You visited 1 branch You collected 297 gold pieces.

Inventory:

Armour
 a - a +0 animal skin (worn)
Wands
 h - a wand of flame (15)
Scrolls
 g - 2 scrolls of blinking
Potions
 b - a potion of curing
 c - a potion of heal wounds
 d - a potion of haste
 e - 2 potions of magic
 f - a potion of berserk rage


   Skills:
 + Level 10.6 Fighting
 + Level 10.5 Dodging
 + Level 12.4 Unarmed Combat


You had 8 spell levels left.
You didn't know any spells.
Your spell library was empty.

Dungeon Overview and Level Annotations

Branches:
Dungeon (1/1)

Altars:
Sif Muna
Vehumet
Wu Jian


Innate Abilities, Weirdness & Mutations

You are too large for most types of armour.
You have claws for hands.
Your natural rate of healing is unusually fast.
You are covered in fur. (AC +1)
You have tough skin. (AC +1)


Message History

2 redbacks come into view.
Found 54 gold pieces.
There is an open door here.
You see here 27 gold pieces.
The redback bites you!
You see here 27 gold pieces.
You claw the redback! x2
The redback is heavily wounded.
The redback bites you!
You completely miss the redback.
The redback is heavily wounded.
The redback bites you!
You are poisoned.
The redback poisons you!
You closely miss the redback.
The redback is heavily wounded.
You feel extremely sick. The redback bites you. x2
You are lethally poisoned!
The redback poisons you!
You barely miss the redback.
The redback is heavily wounded.
You feel extremely sick. The redback bites you.
You are more poisoned.
The redback poisons you!
You mangle the redback!!
You kill the redback!
Trog accepts your kill.
* * * LOW HITPOINT WARNING * * *
You feel extremely sick.
You scratch the redback.
The redback is lightly wounded.
* * * LOW HITPOINT WARNING * * *
You feel extremely sick. The redback bites you.
* * * LOW HITPOINT WARNING * * *
You closely miss the redback.
The redback is lightly wounded.
You die...

').#..+ #####'#
#### #
#)####..#### #
##.#~§§§§#§.#
#_.§)§~§§§†.#
+..._#§§~.§#..#
#_.#+##+#####'###
##+ #.'$# ###@#
#s# #$# #.# +§#
#§# #.#


You could see a redback.

Vanquished Creatures
  2 centaur warriors (D)
  An oklob plant (D)
  A hornet (D)
  Sigmund (D)
  A redback (D)
  An ogre (D)
  A jelly (D)
  Ijyb (D)
9 creatures vanquished.

Notes
Turn   | Place    | Note
-------+----------+-------------------------------------------
     0 | D        | sircluck the Troll Berserker began the quest for the Orb.
     0 | D        | Reached XP level 1. HP: 22/22 MP: 0/0
     1 | D        | Noticed Ijyb
     8 | D        | Killed Ijyb
     9 | D        | Reached skill level 4 in Unarmed Combat
     9 | D        | Reached XP level 2. HP: 17/32 MP: 1/1
    26 | D        | Noticed an ogre
    30 | D        | Killed an ogre
    31 | D        | Reached skill level 5 in Fighting
    31 | D        | Reached skill level 5 in Dodging
    31 | D        | Reached skill level 6 in Unarmed Combat
    31 | D        | Reached XP level 3. HP: 42/42 MP: 2/2
    31 | D        | Reached XP level 4. HP: 50/50 MP: 3/3
    42 | D        | Noticed Sigmund
    55 | D        | Killed Sigmund
    55 | D        | Reached ** piety under Trog
    56 | D        | Reached skill level 7 in Unarmed Combat
    56 | D        | Reached XP level 5. HP: 53/61 MP: 4/4
    56 | D        | Reached XP level 6. HP: 59/68 MP: 5/5
    77 | D        | Found an ornate altar of the Wu Jian Council.
    77 | D        | Found a shimmering blue altar of Sif Muna.
    79 | D        | Found a radiant altar of Vehumet.
    83 | D        | Reached skill level 8 in Unarmed Combat
    88 | D        | Noticed a centaur warrior
    88 | D        | Noticed a centaur warrior
    97 | D        | Killed a centaur warrior
    98 | D        | Reached skill level 10 in Unarmed Combat
    98 | D        | Reached XP level 7. HP: 9/81 MP: 6/6
   101 | D        | HP: 5/121 [centaur warrior (6)]
   103 | D        | Killed a centaur warrior
   103 | D        | Reached *** piety under Trog
   104 | D        | Reached skill level 11 in Unarmed Combat
   104 | D        | Reached XP level 8. HP: 6/93 MP: 7/7
   170 | D        | Noticed a hornet
   173 | D        | Killed a hornet
   174 | D        | Reached skill level 10 in Fighting
   185 | D        | Noticed an oklob plant
   195 | D        | Killed an oklob plant
   196 | D        | Reached skill level 10 in Dodging
   196 | D        | Reached skill level 12 in Unarmed Combat
   196 | D        | Reached XP level 9. HP: 19/102 MP: 8/8
   278 | D        | Succumbed to a redback's poison

Illustrated notes

Levels and vault maps discovered:
D:        dungeon_sprint_1 [red_sonja_temple_1, red_sonja_temple_small_1]

Skill      XL: |  1  2  3  4  5  6  7  8 |
---------------+-------------------------+-----
Fighting       | 3 5 6 8 9 10 | 10.6
Dodging        | 3 5 6 8 9 10 | 10.5
Unarmed Combat | 4 6 7 10 11 12 | 12.4

Action                     |  1- 3 |  4- 6 |  7- 9 || total
---------------------------+-------+-------+-------++-------
  Melee: Unarmed           |     8 |    18 |    24 ||    50
         Punch             |       |     1 |     3 ||     4
 Invoke: Berserk           |       |     1 |       ||     1
  Evoke: Wand              |     2 |       |       ||     2
 Armour: Animal skin       |     4 |    23 |    16 ||    43
  Dodge: Dodged            |     2 |    11 |     5 ||    18

Table legend: (Time is in decaauts)
 A = Elapsed time spent in this place.
 B = Non-inter-level travel time spent in this place.
 C = Inter-level travel time spent in this place.
 D = Time resting spent in this place.
 E = Time spent auto-exploring this place.
 F = Levels seen in this place.
 G = Mean time per level.
                   A        B        C        D        E       F      G
               +--------+--------+--------+--------+--------+-----+--------+
         Total |    281 |    281 |      0 |    141 |     55 |   1 |  281.0 |
       Dungeon |    281 |    281 |      0 |    141 |     55 |   1 |  281.0 |
               +--------+--------+--------+--------+--------+-----+--------+

Top non-repeatable levels by time:
       D: 281 daAuts
